 Dungeon Crawl Stone Soup version 0.30-a0-122-g2a1322497e (webtiles) character file.

Game seed: 15662592055353518159

54 Pilot the Caller (level 4, 0/30 HPs)
             Began as a Formicid Summoner on Sept 16, 2022.
             Slain by an adder zombie (2 damage)
             ... in an ossuary.
             The game lasted 00:09:10 (1980 turns).

Pilot the Caller (Formicid Summoner)                Turns: 1980, Time: 00:09:11

Health: 0/30       AC:  2    Str: 13    XL:     4   Next: 12%
Magic:  8/8        EV: 12    Int: 16    God:
Gold:   100        SH:  0    Dex: 14    Spells: 7/8 levels left

rFire   . . .      SeeInvis +    e - +0 dagger
rCold   . . .      Faith    .    (no shield)
rNeg    . . .      Spirit   .    a - +0 robe
rPois   .          Reflect  .    (helmet unavailable)
rElec   .          Harm     .    (no cloak)
rCorr   .          Rampage  .    (no gloves)
Will    .....                    (no boots)
Stlth   ++........               (no amulet)
HPRegen 0.10/turn                (no ring)
MPRegen 0.11/turn                (no ring)

@: no status effects
A: permanent stasis, dig shafts and tunnels, antennae 3, four strong arms
a: Dig


You were in an ossuary.
You visited 1 branch of the dungeon, and saw 3 of its levels.
You also visited: Ossuary.

You collected 100 gold pieces.

Inventory:

Hand Weapons
 e - a +0 dagger (weapon)
 k - a +0 sling
Missiles
 i - 4 poisoned darts
Armour
 a - a +0 robe (worn)
Scrolls
 d - a scroll of enchant weapon {unknown}
 f - a scroll of immolation {unknown}
 g - a scroll of teleportation {unknown}
 j - a scroll of identify {unknown}
Potions
 b - a potion of magic
 c - a potion of haste {unknown}
 h - 2 potions of invisibility {unknown}


   Skills:
 + Level 2.3 Dodging
 + Level 3.3 Stealth
 + Level 2.8 Spellcasting
 + Level 4.3 Summonings


You had 7 spell levels left.
You knew the following spells:

 Your Spells              Type           Power      Damage    Failure   Level
a - Summon Small Mammal   Summ           64%        N/A       3%          1

Your spell library contained the following spells:

 Spells                   Type           Power      Damage    Failure   Level
 Call Imp                 Summ           16%        N/A       4%          2
 Call Canine Familiar     Summ           16%        N/A       10%         3
 Summon Guardian Golem    Hex/Summ       9%         N/A       24%         3
 Summon Lightning Spire   Summ/Air       9%         N/A       61%         4


Dungeon Overview and Level Annotations

Branches:
Dungeon (4/15)            Ossuary (1/1)
 Temple: D:4-7

Altars:

Shops:
D:4 (


Innate Abilities, Weirdness & Mutations

You cannot be hasted, slowed, berserked, paralysed or teleported.
You can dig through walls and to a lower floor.
You have a pair of large antennae on your head. (SInv)
Your four strong arms can wield two-handed weapons with a shield.


Message History

* * * LOW HITPOINT WARNING * * *
The adder zombie attacks as you move away!
The adder zombie bites you but does no damage.
The adder zombie attacks as you move away!
The adder zombie barely misses you. x2
The adder zombie attacks as you move away!
The adder zombie bites you but does no damage.
The adder zombie attacks as you move away!
The adder zombie closely misses you.
The adder zombie attacks as you move away!
The adder zombie bites you but does no damage.
The adder zombie bites you.
* * * LOW HITPOINT WARNING * * *
The adder zombie attacks as you move away!
The adder zombie bites you.
* * * LOW HITPOINT WARNING * * *
The adder zombie attacks as you move away!
The adder zombie bites you.
* * * LOW HITPOINT WARNING * * *
The adder zombie attacks as you move away!
The adder zombie bites you but does no damage.
The adder zombie bites you.
* * * LOW HITPOINT WARNING * * *
The adder zombie attacks as you move away!
The adder zombie closely misses you.
The adder zombie attacks as you move away!
The adder zombie bites you but does no damage.
The adder zombie attacks as you move away!
The adder zombie bites you.
* * * LOW HITPOINT WARNING * * *
The adder zombie attacks as you move away!
The adder zombie barely misses you.
The adder zombie attacks as you move away!
The adder zombie closely misses you. The adder zombie closely misses you.
The adder zombie attacks as you move away!
The adder zombie bites you but does no damage.
The adder zombie attacks as you move away!
The adder zombie bites you.
You die...

#..#{ { #..# #..# #..+{ { {
#..# { #..#{{{ {{ { {
#..#####+###+###+###+###+##
#..........................
#∩.......Z@................
###########################


You could see an adder zombie.

Vanquished Creatures
  A goblin (D:1)
  2 jackals (D:1)
  2 frilled lizards (D:1)
  3 kobolds (D:1)
  3 rats (D:1)
11 creatures vanquished.

Vanquished Creatures (collateral kills)
  2 mummies (Ossuary)
  A bat (D:1)
  3 endoplasms (D:1)
  A giant cockroach (D:1)
  2 goblins
  A hobgoblin (D:1)
  2 jackals (D:1)
  2 kobolds (D:1)
  A ball python (D:1)
15 creatures vanquished.

Grand Total: 26 creatures vanquished

Notes
Turn   | Place    | Note
-------+----------+-------------------------------------------
     0 | D:1      | Pilot the Formicid Summoner began the quest for the Orb.
     0 | D:1      | Reached XP level 1. HP: 13/13 MP: 3/3
   403 | D:1      | Reached XP level 2. HP: 5/19 MP: 1/5
   684 | D:1      | Found a faded altar of an unknown god.
  1145 | D:1      | Reached XP level 3. HP: 24/24 MP: 3/6
  1422 | D:1      | You fall into a shaft and drop 1 floor!
  1425 | D:2      | You fall into a shaft and drop 2 floors!
  1437 | D:4      | Found Xeif's Antique Weapon Shop.
  1594 | D:4      | Found a sand-covered staircase.
  1603 | Ossuary  | Entered an ossuary
  1860 | Ossuary  | Reached XP level 4. HP: 3/30 MP: 6/8
  1963 | Ossuary  | HP: 1/30 [adder zombie (1)]
  1969 | Ossuary  | HP: 1/30 [adder zombie (1)]
  1980 | Ossuary  | Slain by an adder zombie

Illustrated notes

Levels and vault maps discovered:
D:1:      psy_arrival_dodecagon, layout_loops_ring, serial_shops,
          nicolae_shop_hallway_plus, shapermc_ecumenical_altar_venn
D:2:      minmay_inner_zag, layout_basic, serial_shops, shop,
          nicolae_shop_advertising_works [nicolae_subvault_shop_adworks],
          shop_statue, shop, shop_fountains
D:4:      layout_basic, chequers_temple_overflow_minitemple, serial_shops,
          kennysheep_mini, nicolae_ossuary_entry_monument
Ossuary:  ossuary_boxes_badplayer

Skill      XL: |  1  2  3 |
---------------+----------+-----
Dodging        | 2 |  2.3
Stealth        | 3 |  3.3
Spellcasting   | |  2.8
Summonings     | |  4.3

Action                   |  1- 3 |  4- 6 || total
-------------------------+-------+-------++-------
Melee: Unarmed           |     9 |       ||     9
       Dagger            |    70 |       ||    70
       Punch             |     2 |       ||     2
 Cast: Summon Small Mamm |    41 |       ||    41
 Abil: Shaft Self        |     2 |       ||     2
 Stab: Sleeping          |     1 |       ||     1
Armor: Robe              |    16 |     9 ||    25
Dodge: Dodged            |    68 |    20 ||    88

Table legend: (Time is in decaauts)
 A = Elapsed time spent in this place.
 B = Non-inter-level travel time spent in this place.
 C = Inter-level travel time spent in this place.
 D = Time resting spent in this place.
 E = Time spent auto-exploring this place.
 F = Levels seen in this place.
 G = Mean time per level.
                   A        B        C        D        E       F      G
               +--------+--------+--------+--------+--------+-----+--------+
         Total |   1978 |   1873 |    105 |      0 |   1063 |   4 |  494.5 |
       Dungeon |   1602 |   1497 |    105 |      0 |   1063 |   3 |  534.0 |
       Ossuary |    376 |    376 |      0 |      0 |      0 |   1 |  376.0 |
               +--------+--------+--------+--------+--------+-----+--------+

Top non-repeatable levels by time:
     D:1: 1421 daAuts
 Ossuary: 376 daAuts
     D:4: 177 daAuts
     D:2: 2 daAuts
